 Dungeon Crawl Stone Soup version 0.31-a0-604-g8e0283293c (webtiles) character file.

Game seed: 2389450286799000417

9878 tilp the Covert (level 11, -6/84 HPs)
             Began as a Vampire Enchanter on Aug 21, 2023.
             Was a High Priest of Wu Jian.
             Mangled by a sun demon (18 damage)
             ... summoned by a kobold demonologist
             ... on level 11 of the Dungeon.
             The game lasted 00:20:10 (11058 turns).

tilp the Covert (Vampire Enchanter)                Turns: 11058, Time: 00:20:12

Health: -6/84      AC: 10    Str:  7    XL:     11   Next: 28%
Magic:  6/19       EV: 13    Int: 24    God:    Wu Jian [*****.]
Gold:   1545       SH:  6    Dex: 15    Spells: 9/21 levels left

rFire   . . .        a - +1 dagger (elec)
rCold   . . .        z - +2 buckler {rN+}
rNeg    + + .        n - +0 robe
rPois   .            v - +1 helmet
rElec   +            l - scarf {shadows}
rCorr   .            (no gloves)
SInv    +            q - +1 pair of boots
Will    +....        (no amulet)
Stlth   ++++++       k - ring "Nupup" {rElec rN+ Int+2 Stlth+}
HPRegen 0.54/turn    s - +4 ring of protection
MPRegen 0.16/turn

%: no passive effects
@: very slightly contaminated, healing quickly
A: alive, fangs 3, see invisible, vampiric 2
a: Exsanguinate, Renounce Religion, Wall Jump, Serpent's Lash, Heavenly Storm


You were on level 11 of the Dungeon.
You worshipped Wu Jian.
Wu Jian was extremely pleased with you.
You visited 2 branches of the dungeon, and saw 12 of its levels.
You also visited: Sewer and Bailey.

You collected 1545 gold pieces.

Inventory:

Hand Weapons
 a - a +1 dagger of electrocution (weapon)
 b - the +11 Singing Sword {sonic wave}
   (You found it in a bailey)
 E - a +2 dagger of holy wrath
 I - a +1 dagger
Missiles
 r - 27 boomerangs
 x - 36 poisoned darts (quivered)
Armour
 l - a scarf of shadows (worn)
 n - a +0 robe (worn)
 o - a scarf of resistance
 q - a +1 pair of boots (worn)
 v - a +1 helmet (worn)
 z - a +2 buckler of positive energy (worn)
Magical Staves
 d - a staff of conjuration
Jewellery
 i - a ring of flight
 k - the ring "Nupup" (left hand) {rElec rN+ Int+2 Stlth+}
   (You acquired it on level 4 of the Dungeon)

   [ring of positive energy]

   Int+2:     It affects your intelligence (+2).
   rElec:     It insulates you from electricity.
   rN+:       It protects you from negative energy.
   Stlth+:    It makes you more stealthy.
 s - a +4 ring of protection (right hand)
 B - a ring of poison resistance
 C - a +4 ring of protection
 G - a ring of fire
Wands
 p - a wand of paralysis (11)
 J - a wand of roots (8)
Scrolls
 e - 6 scrolls of identify
 f - 2 scrolls of fear
 m - a scroll of fog
 u - 2 scrolls of blinking
 w - a scroll of immolation
 y - 3 scrolls of amnesia
 A - 2 scrolls of torment
 F - 3 scrolls of teleportation
 K - 2 scrolls of poison
Potions
 c - 3 potions of invisibility
 g - 2 potions of curing
 h - 2 potions of ambrosia
 j - 2 potions of mutation
 t - a potion of might
 D - a potion of attraction
 H - 5 potions of enlightenment


   Skills:
 * Level 7.2 Fighting
 - Level 10.0 Short Blades
 + Level 1.1(5.8) Long Blades
 + Level 5.2 Dodging
 + Level 11.1 Stealth
 - Level 2.0 Shields
 + Level 5.7 Spellcasting
 - Level 2.0 Conjurations
 * Level 9.9 Hexes
 - Level 2.0 Ice Magic
 + Level 3.2 Evocations


You had 9 spell levels left.
You knew the following spells:

 Your Spells              Type           Power      Damage    Failure   Level
a - Ensorcelled Hibernat  Hex/Ice        70%        N/A       1%          2
b - Confusing Touch       Hex            53%        N/A       1%          3
c - Tukima's Dance        Hex            53%        N/A       1%          3
d - Dazzling Flash        Conj/Hex       70%        N/A       3%          3
e - Slow                  Hex            100%       N/A       1%          1

Your spell library contained the following spells:

 Spells                   Type           Power      Damage    Failure   Level
 Portal Projectile        Hex/Tloc       60%        N/A       5%          3
 Sublimation of Blood     Necr           6%         N/A       21%         2
 Vampiric Draining        Necr           6%         2d6       36%         3
 Iskenderun's Mystic Bla  Conj/Tloc      11%        2d4       65%         4
 Petrify                  Tmut/Erth      6%         N/A       78%         4
 Irradiate                Conj/Tmut      5%         3d13      94%         5


Dungeon Overview and Level Annotations

Branches:
Dungeon (11/15)            Temple (1/1) D:4           Sewer (visited)
 Bailey (visited)
   Lair: D:8-11         Orc: D:9-12

Altars:
Ashenzari
Cheibriados
Dithmenos
Fedhas
Gozag
Hepliaklqana
Kikubaaqudgha
Makhleb
Nemelex Xobeh
Okawaru
Qazlal
Ru
Sif Muna
Trog
Uskayaw
Vehumet
Wu Jian
Xom
Yredelemnul

Annotations:
D:8 3 runed translucent doors, t4s4d4r's ghost, novice OpSh


Innate Abilities, Weirdness & Mutations

Your natural rate of healing is accelerated.
You have razor-sharp teeth.
You have supernaturally acute eyesight. (SInv)
You are afflicted with vampirism and can become a bat while bloodless.


Message History

You block the ufetubus's attack. The quasit closely misses you.
You block the quasit's attack.
The quasit claws you but does no damage.
You hit the ufetubus but do no damage.
The ufetubus appears confused.
The sun demon shouts!
The sun demon is no longer blind.
The ufetubus is no longer blind.
The kobold demonologist is no longer blind.
The ufetubus misses the kobold demonologist.
The ufetubus closely misses the kobold demonologist.
The ufetubus barely misses itself.
The ufetubus closely misses itself.
The quasit barely misses you. You block the quasit's attack.
The quasit claws you but does no damage.
The kobold demonologist mumbles some strange words.
You hit the ufetubus. Lightning courses through the ufetubus!
You kill the ufetubus!
The ufetubus disappears in a puff of smoke!
You lunge at the kobold demonologist, in a flurry of attacks.
You miss the kobold demonologist.
Your bite misses the kobold demonologist.
You closely miss the kobold demonologist.
The sun demon hits you!!
You are engulfed in flames!
The kobold demonologist barely misses you.
The quasit bites you but does no damage.
You block the quasit's attack. The quasit misses you. The sun demon hits you.
You are engulfed in flames!
Casting: Dazzling Flash (mildly dangerous; 3% risk of failure)
Confirm with . or Enter, or press ? or * to list all spells.
Aiming: Ensorcelled Hibernation (safe; 1% risk of failure)
Press: ? - help, Shift-Dir - straight line, f - sun demon
Aim: a sun demon (summoned, chance to affect: 15%)
You miscast Ensorcelled Hibernation.
You are very lightly contaminated with residual magic.
Nothing appears to happen.
You block the kobold demonologist's attack.
The quasit barely misses you.
The quasit claws you but does no damage.
The quasit completely misses you. The sun demon hits you!!
* * * LOW HITPOINT WARNING * * *
You are engulfed in flames!!
You die...

..#.#
###.#.######
.<.....53K#
#...# #@#
#...####5#
#.....##.#
#.....#.#
#.##....#
#.##.#..#
#.##....#
#.####..#
#.# #.?#


You could see a sun demon (summoned), a kobold demonologist, a quasit (summoned)
and a crimson imp (summoned).

Vanquished Creatures
  Snorg (D:10)
  Erolcha (D:10)
  2 trolls
  A polar bear (D:9)
  Sigmund (D:2)
  8 yaks
  2 vampires (D:10)
  3 steam dragons
  A vampire mosquito (D:10)
  Grum (D:8)
  An acid dragon (D:10)
  A water moccasin (D:7)
  6 orc warriors
  Pargi (Sewer)
  A sky beast (D:8)
  3 black bears
  2 ogres
  4 centaurs
  4 wolves (D:8)
  4 phantoms
  6 kobold brigands
  2 bullfrogs
  A scorpion (D:5)
  4 gnoll sergeants
  9 wights
  6 killer bees
  5 howler monkeys (D:10)
  A jelly (D:6)
  5 hounds
  12 orc priests
  3 sleepcaps
  3 iguanas
  8 orc wizards
  A centaur simulacrum (D:9)
  18 gnolls
  10 adders
  2 howler monkey simulacra (D:9)
  An ufetubus (D:6)
  2 worms
  3 dart slugs (D:1)
  37 orcs
  A bat zombie (D:10)
  4 endoplasms
  4 giant cockroaches
  10 goblins
  11 hobgoblins
  2 jackals (D:5)
  2 quokkas
  4 ball pythons
  7 bats
  10 frilled lizards
  42 kobolds
  8 rats
  2 rat zombies (D:10)
294 creatures vanquished.

Vanquished Creatures (collateral kills)
  6 wights
  An orc (D:7)
7 creatures vanquished.

Vanquished Creatures (others)
  5 dancing weapons
5 creatures vanquished.

Grand Total: 306 creatures vanquished

Notes
Turn   | Place    | Note
-------+----------+-------------------------------------------
     0 | D:1      | tilp the Vampire Enchanter began the quest for the Orb.
     0 | D:1      | Reached XP level 1. HP: 13/13 MP: 3/3
   142 | D:1      | Reached XP level 2. HP: 20/20 MP: 5/5
   530 | D:1      | Learned a level 2 spell: Ensorcelled Hibernation
   532 | D:1      | Learned a level 1 spell: Slow
   673 | D:2      | Gained mutation: You are afflicted with vampirism and can
                  | become a bat while bloodless. [Vampire growth]
   673 | D:2      | Reached XP level 3. HP: 25/25 MP: 6/6
   692 | D:2      | Noticed Sigmund
   830 | D:1      | Learned a level 3 spell: Confusing Touch
   841 | D:2      | Reached skill level 1 in Fighting
  1164 | D:2      | Killed Sigmund
  1165 | D:2      | Reached skill level 5 in Stealth
  1165 | D:2      | Reached skill level 5 in Hexes
  1165 | D:2      | Reached XP level 4. HP: 33/33 MP: 2/7
  1165 | D:2      | Reached XP level 5. HP: 38/38 MP: 2/8
  1287 | D:2      | Found a shimmering blue altar of Sif Muna.
  1503 | D:3      | Learned a level 3 spell: Tukima's Dance
  1943 | D:3      | Found a faded altar of an unknown god.
  2057 | D:3      | Reached XP level 6. HP: 33/46 MP: 4/10
  2442 | D:4      | Identified a scroll of acquirement
  2442 | D:4      | Acquired the ring "Nupup" {rElec rN+ Int+2 Stlth+}
  2447 | D:4      | Found a staircase to the Ecumenical Temple.
  2475 | Temple   | Entered the Ecumenical Temple
  2494 | Temple   | Became a worshipper of the Wu Jian Council
  3023 | D:4      | Reached skill level 6 in Stealth
  3477 | D:5      | Entered Level 5 of the Dungeon
  3502 | D:5      | Reached XP level 7. HP: 40/52 MP: 5/11
  3925 | D:5      | Reached * piety under Wu Jian
  4020 | D:5      | Reached skill level 5 in Short Blades
  4025 | D:5      | Reached XP level 8. HP: 60/60 MP: 13/13
  4043 | D:5      | Reached skill level 7 in Stealth
  4315 | D:5      | Identified the -1 buckler of the Orb {SInv}
  4861 | D:6      | Found a glowing drain.
  4893 | D:6      | Reached ** piety under Wu Jian
  4901 | Sewer    | Entered a sewer
  5010 | Sewer    | Reached skill level 5 in Fighting
  5072 | Sewer    | Noticed Pargi
  5075 | Sewer    | Killed Pargi
  5171 | D:6      | Reached skill level 8 in Stealth
  5196 | D:6      | Learned a level 3 spell: Dazzling Flash
  5410 | D:6      | Reached XP level 9. HP: 68/68 MP: 15/15
  6000 | D:7      | Reached skill level 1 in Evocations
  6150 | D:7      | Found an iron altar of Okawaru.
  6285 | D:7      | Reached *** piety under Wu Jian
  6685 | D:8      | Reached skill level 9 in Stealth
  6731 | D:8      | Reached skill level 5 in Spellcasting
  6981 | D:8      | Found a runed translucent gate.
  6981 | D:8      | Found a runed translucent gate.
  7012 | D:8      | Found a runed translucent gate.
  7012 | D:8      | Noticed a ten-headed hydra
  7014 | D:8      | Noticed t4s4d4r's ghost (novice OpSh)
  7114 | D:8      | Noticed Grum
  7124 | D:8      | Killed Grum
  7383 | D:8      | Reached skill level 10 in Stealth
  7447 | D:8      | Reached XP level 10. HP: 71/76 MP: 2/17
  8319 | D:9      | Reached skill level 10 in Short Blades
  8473 | D:9      | Reached **** piety under Wu Jian
  8659 | D:9      | Reached skill level 1 in Conjurations
  8761 | D:9      | Reached skill level 1 in Ice Magic
  8770 | D:9      | Reached skill level 1 in Shields
  9244 | D:9      | Found a stormy altar of Qazlal.
  9252 | D:9      | Found a blossoming altar of Fedhas.
  9252 | D:9      | Found a bloodstained altar of Trog.
  9555 | D:10     | Entered Level 10 of the Dungeon
  9557 | D:10     | Found a basalt altar of Yredelemnul.
  9783 | D:10     | Noticed Erolcha
  9788 | D:10     | Killed Erolcha
  9789 | D:10     | Reached XP level 11. HP: 83/83 MP: 17/19
  9804 | D:10     | Reached ***** piety under Wu Jian
  9834 | D:10     | Found a flagged portal.
  9858 | Bailey   | Entered a bailey
 10137 | Bailey   | Reached skill level 5 in Dodging
 10375 | D:10     | Noticed Snorg
 10377 | D:10     | Killed Snorg
 10423 | D:10     | Found a faded altar of an unknown god.
 10429 | D:10     | Found a shimmering blue altar of Sif Muna.
 10431 | D:10     | Found an opulent altar of Gozag.
 10433 | D:10     | Found a snail-covered altar of Cheibriados.
 10438 | D:10     | Found a faded altar of an unknown god.
 10577 | D:10     | Reached skill level 11 in Stealth
 10637 | D:10     | Reached skill level 1 in Long Blades
 10943 | D:10     | Found an ancient bone altar of Kikubaaqudgha.
 11043 | D:11     | Noticed a sun demon
 11058 | D:11     | Mangled by a sun demon

Illustrated notes

Levels and vault maps discovered:
D:1:      tarquinn_simple_flora_water_c, layout_loops_ring
D:2:      layout_rooms, basic_altar, minivault_4, uniq_sigmund
D:3:      layout_basic, ebering_ecumenical_altar_ruins, minivault_25,
          minmay_lizard_king
D:4:      layout_cave_pods, minmay_temple_entry_mist
D:5:      layout_gridville
D:6:      layout_loops_cross, gup_sewer_entry_glass, nicolae_grassy_gnolls
D:7:      layout_loops_ring, mainiacjoe_overflow_alcove_2
D:8:      layout_basic, gammafunk_ghost_hydra_chop, uniq_grum
D:9:      layout_long_grid, minitemple, serial_ice, serial_ice_a, serial_ice_m,
          serial_ice_k, serial_ice_f, hangedman_abyss_or_decor_lesser_grid
D:10:     layout_loops_ring, lemuel_zombie_altar_kikubaaqudgha,
          chequers_temple_overflow_minitemple, yredelemnul_altar_generic,
          enter_bailey_5, hangedman_corner_corridor, uniq_snorg, uniq_erolcha
D:11:     layout_basic, grunt_lair_entry_orc_guard_hut, enter_trove_5
Temple:   nicolae_temple_x_marks_the_god

Skill      XL: |  1  2  3  4  5  6  7  8  9 10 11 |
---------------+----------------------------------+-----
Short Blades   | 2 3 4 5 6 9 10 | 10.0
Fighting       | 2 3 4 5 6 7 |  7.2
Dodging        | 3 4 5 |  5.2
Stealth        | 5 6 8 10 11 | 11.1
Hexes          | 5 6 7 8 9 |  9.9
Spellcasting   | 3 4 5 |  5.7
Evocations     | 2 3 |  3.2
Conjurations   | 2 |  2.0
Ice Magic      | 2 |  2.0
Shields        | 2 |  2.0
Long Blades    | 1 |  1.1

Action                     |  1- 3 |  4- 6 |  7- 9 | 10-12 || total
---------------------------+-------+-------+-------+-------++-------
  Melee: Dagger            |   116 |   162 |   343 |   403 ||  1024
         Bite              |    12 |    15 |    33 |    49 ||   109
         Punch             |       |     3 |     1 |       ||     4
   Cast: Ensorcelled Hiber |     8 |    27 |    71 |    58 ||   164
         Confusing Touch   |       |     1 |    12 |    10 ||    23
         Tukima's Dance    |       |       |    12 |    10 ||    22
         Dazzling Flash    |       |       |     3 |     6 ||     9
Ability: Lunge             |       |     5 |    38 |    26 ||    69
         Whirlwind         |       |       |     9 |    14 ||    23
    Use: Scroll            |     2 |     8 |     5 |     5 ||    20
         Potion            |       |       |     1 |       ||     1
   Stab: Sleeping          |    10 |    21 |    69 |    52 ||   152
         Confused          |       |     2 |     7 |     8 ||    17
         Invisible         |       |       |     1 |     7 ||     8
         Distracted        |       |       |     1 |       ||     1
 Armour: Robe              |    18 |    13 |    84 |    95 ||   210
  Dodge: Dodged            |    84 |    74 |   176 |   186 ||   520
  Block: Buckler           |       |       |    44 |   103 ||   147

Table legend: (Time is in decaauts)
 A = Elapsed time spent in this place.
 B = Non-inter-level travel time spent in this place.
 C = Inter-level travel time spent in this place.
 D = Time resting spent in this place.
 E = Time spent auto-exploring this place.
 F = Levels seen in this place.
 G = Mean time per level.
                   A        B        C        D        E       F      G
               +--------+--------+--------+--------+--------+-----+--------+
         Total |  10812 |  10499 |    313 |    792 |   7150 |  14 |  772.3 |
       Dungeon |  10139 |   9845 |    294 |    677 |   6936 |  11 |  921.7 |
        Temple |     39 |     20 |     19 |      0 |      9 |   1 |   39.0 |
         Sewer |    219 |    219 |      0 |      0 |    173 |   1 |  219.0 |
        Bailey |    413 |    413 |      0 |    115 |     32 |   1 |  413.0 |
               +--------+--------+--------+--------+--------+-----+--------+

Top non-repeatable levels by time:
     D:8: 1480 daAuts
     D:9: 1235 daAuts
     D:7: 1185 daAuts
     D:4: 1069 daAuts
    D:10: 962 daAuts
     D:3: 938 daAuts
     D:5: 901 daAuts
     D:6: 854 daAuts
     D:1: 746 daAuts
     D:2: 728 daAuts
  Bailey: 413 daAuts
   Sewer: 219 daAuts
  Temple: 39 daAuts
    D:11: 38 daAuts
